 Dungeon Crawl Stone Soup version 0.26-a0-651-gb41185065b (webtiles) character file.

Game seed: 9676525685851848326

(classic levelgen) 366 EnegeticOcto the Chopper (level 6, 22/57 HPs)
             Began as a Deep Dwarf Fighter on Oct 7, 2020.
             Quit the game on level 4 of the Dungeon.
             The game lasted 00:00:54 (1080 turns).

EnegeticOcto the Chopper (Deep Dwarf Fighter)       Turns: 1080, Time: 00:00:54

Health: 22/57      AC:  7    Str: 22    XL:     6   Next: 40%
Magic:  6/6        EV:  7    Int:  8    God:
Gold:   143        SH: 10    Dex: 16    Spells: 5/5 levels left

rFire    . . .     SeeInvis .   a - +0 war axe
rCold    . . .     Faith    .   c - +0 kite shield
rNeg     . . .     Spirit   .   l - +0 scale mail of the Battered Priests {+Blink rElec Regen+ Dex+4} (curse)
rPois    .         Reflect  .   (no helmet)
rElec    +         Harm     .   (no cloak)
rCorr    .         Rampage  .   (no gloves)
MR       .....                  (no boots)
Stlth    ..........             (no amulet)
HPRegen  0.00/turn              (no ring)
MPRegen  0.10/turn              (no ring)

@: non-regenerating, glowing
A: damage resistance, heal wounds, sense surroundings 1, no regeneration
a: Heal Wounds, Evoke Blink


You were on level 4 of the Dungeon.
You visited 1 branch of the dungeon, and saw 4 of its levels.

You collected 143 gold pieces.

Inventory:

Hand Weapons
 a - a +0 war axe (weapon)
Armour
 b - a +0 scale mail
 c - a +0 kite shield (worn)
 l - the cursed +0 scale mail of the Battered Priests (worn) {+Blink rElec Regen+ Dex+4}
   (You found it on level 4 of the Dungeon)

   It affects your dexterity (+4).
   It insulates you from electricity.
   It lets you blink.
   It increases your rate of regeneration.
   It has a curse placed upon it.
Scrolls
 e - a scroll of amnesia {unknown}
 f - a scroll of remove curse {unknown}
 h - a scroll of fear {unknown}
 j - 3 scrolls of identify {unknown}
 k - a scroll of fog {unknown}
 m - a scroll of teleportation {unknown}
Potions
 d - a potion of might {@q3}
 g - a potion of brilliance {unknown}
 i - a potion of curing {unknown}


   Skills:
 + Level 3.7 Fighting
 * Level 5.0 Axes
 + Level 4.6 Armour
 + Level 4.6 Shields


You had 5 spell levels left.
You didn't know any spells.
Your spell library was empty.

Dungeon Overview and Level Annotations

Branches:
Dungeon (4/15)
 Temple: D:4-7

Altars:
Nemelex Xobeh
Sif Muna


Innate Abilities, Weirdness & Mutations

You are resistant to damage.
You can heal yourself by infusing magical energy.
You passively map a small area around you.
You do not regenerate.


Message History

You closely miss the gnoll. You hit the gnoll shaman.
You completely miss the gnoll. The gnoll completely misses you.
You block the gnoll's attack. The gnoll shaman barely misses you.
The gnoll hits you. The gnoll barely misses you.
The gnoll hits you from afar with a +0 spear.
The gnoll hits you from afar with a +0 halberd.
The gnoll completely misses you.
The gnoll shaman calls upon its god to speed up the gnoll.
The gnoll seems to speed up.
You block the gnoll's attack.
The gnoll hits you from afar with a +0 halberd!
* * * LOW HITPOINT WARNING * * *
You are too injured to fight recklessly!
You are too injured to fight recklessly!
You are too injured to fight recklessly!
You are too injured to fight recklessly!
You are too injured to fight recklessly!
You are too injured to fight recklessly!
You are too injured to fight recklessly!
You are too injured to fight recklessly!
You are too injured to fight recklessly!
You are too injured to fight recklessly!
You are too injured to fight recklessly!
You are too injured to fight recklessly!
You are too injured to fight recklessly!
You are too injured to fight recklessly!
You are too injured to fight recklessly!
You are too injured to fight recklessly!
You feel much better. The gnoll hits you but does no damage.
You block the gnoll's attack. x2; The gnoll closely misses you.
The gnoll hits you from afar with a +0 halberd!
The gnoll shaman hits you with a +0 whip.
The gnoll hits you with a +0 flail. The gnoll hits you but does no damage.
You block the gnoll's attack.
You feel much better. You block the gnoll's attack.
The gnoll completely misses you.
The gnoll hits you but does no damage. x3
The gnoll shaman hits you but does no damage.
You block the gnoll's attack.
You slash the gnoll!
You kill the gnoll!
You barely miss the gnoll. You slash the gnoll shaman! You hit the gnoll.
The gnoll hits you from afar with a +0 halberd.
The gnoll hits you but does no damage.
The gnoll hits you from afar with a +0 spear.
You block the gnoll shaman's attack. The gnoll barely misses you.
You block the gnoll's attack. x2; The gnoll closely misses you.
You slice the gnoll shaman!!
You kill the gnoll shaman!
Your Axes skill increases to level 5!
You slash the gnoll!
You hit the gnoll. x2; The gnoll closely misses you.
The gnoll hits you with a +0 whip. The gnoll barely misses you. x2
You block the gnoll's attack.
The gnoll hits you from afar with a +0 halberd!
The gnoll hits you but does no damage. The gnoll barely misses you.
You block the gnoll's attack. The gnoll hits you.
You slash the gnoll!
You kill the gnoll!
You hit the gnoll. x2; You hit the gnoll but do no damage.
The gnoll hits you but does no damage. You block the gnoll's attack. x2
The gnoll barely misses you. You block the gnoll's attack.
The gnoll hits you with a +0 whip!
The gnoll hits you from afar with a +0 spear.
The gnoll hits you but does no damage.
You barely miss the gnoll.
The gnoll is severely wounded.
You hit the gnoll. You barely miss the gnoll. You slash the gnoll!
The gnoll hits you from afar with a +0 halberd!
You block the gnoll's attack. The gnoll hits you with a +0 flail.
The gnoll closely misses you. You block the gnoll's attack.
The gnoll hits you but does no damage. x2; The gnoll barely misses you.
The gnoll hits you but does no damage.
You are too injured to fight recklessly!
You are too injured to fight recklessly!
You are too injured to fight recklessly!
You are too injured to fight recklessly!
You are too injured to fight recklessly!
You are too injured to fight recklessly!
You are too injured to fight recklessly!
You are too injured to fight recklessly!
You are too injured to fight recklessly!
You are too injured to fight recklessly!
You are too injured to fight recklessly!
You are too injured to fight recklessly!
You are too injured to fight recklessly!
You are too injured to fight recklessly!
You are too injured to fight recklessly!
You are too injured to fight recklessly!
You are too injured to fight recklessly!
You are too injured to fight recklessly!
You are too injured to fight recklessly!
You are too injured to fight recklessly!
You are too injured to fight recklessly!
You are too injured to fight recklessly!
You are too injured to fight recklessly!
You are too injured to fight recklessly!
You are too injured to fight recklessly!
You are too injured to fight recklessly!
You are too injured to fight recklessly!
You are too injured to fight recklessly!
You are too injured to fight recklessly!
Are you sure you want to abandon this character and quit the game? (Confirm with "yes".)

≈≈≈≈≈≈≈≈≈≈≈≈≈≈≈....≈≈≈≈≈≈≈≈≈≈≈≈≈≈
≈≈≈≈≈≈≈≈≈≈≈≈≈≈≈....≈≈≈≈≈≈≈≈≈≈≈≈≈≈
###≈≈≈≈≈≈≈≈≈≈≈≈....≈≈≈≈≈≈≈≈≈≈≈≈##
g.#..... ......................#g
..# #### ######''''#############.
#+# #....# * * , #' # , +....+ ,
#g #, * #....# , #, * * * ##@g##*
# +,...gggggggg.... , , , # ,
....gggOggg.... , #, *
.....gggggg.... # ...............
# #######++###### * * #+# , , ,,
#+
..##############################.
gg#............................#.


You could see an ogre and 21 gnolls.

Vanquished Creatures
  A bullfrog (D:4)
  2 gnoll shamans (D:4)
  A hound skeleton (D:4)
  12 gnolls (D:4)
  5 adders
  A shadow imp (D:4)
  An ooze (D:1)
  2 adder skeletons (D:4)
  A worm (D:4)
  A dart slug (D:1)
  A leopard gecko (D:4)
  A ball python (D:2)
  A giant cockroach (D:2)
  A goblin (D:3)
  A hobgoblin (D:1)
  20 jackals
  3 kobolds
  2 frilled lizards
  2 rats
59 creatures vanquished.

Vanquished Creatures (others)
  2 plants (D:4)
2 creatures vanquished.

Grand Total: 61 creatures vanquished

Notes
Turn   | Place    | Note
-------+----------+-------------------------------------------
     0 | D:1      | EnegeticOcto the Deep Dwarf Fighter began the quest for the
                  | Orb.
     0 | D:1      | Reached XP level 1. HP: 20/20 MP: 1/1
   101 | D:1      | Found a shimmering blue altar of Sif Muna.
   131 | D:1      | Reached XP level 2. HP: 21/27 MP: 2/2
   213 | D:3      | Found a sparkling altar of Nemelex Xobeh.
   270 | D:3      | Reached skill level 3 in Axes
   270 | D:3      | Reached XP level 3. HP: 25/34 MP: 3/3
   326 | D:4      | Noticed a bullfrog
   333 | D:4      | Killed a bullfrog
   333 | D:4      | Reached XP level 4. HP: 34/42 MP: 4/4
   338 | D:4      | Reached skill level 4 in Axes
   338 | D:4      | Reached XP level 5. HP: 21/49 MP: 5/5
   347 | D:4      | Got a slimy scale mail
   357 | D:4      | Identified the cursed +0 scale mail of the Battered Priests
                  | {+Blink rElec Regen+ Dex+4} (You found it on level 4 of the
                  | Dungeon)
  1034 | D:4      | Reached XP level 6. HP: 47/56 MP: 6/6
  1077 | D:4      | Reached skill level 5 in Axes
  1080 | D:4      | Quit the game

Illustrated notes

Levels and vault maps discovered:
D:1:      lemuel_arrival_muddy, layout_rooms, kennysheep_flooded_box,
          nrook_uturn
D:2:      layout_basic, uniq_sigmund
D:3:      layout_basic, overflow_temple_1_default, zin_academy,
          nemelex_xobeh_ov_fountains_minmay, amethyst_overflow_temple_binary,
          kennysheep_generic_room_13
D:4:      lemuel_castle_with_subvaults [lemuel_castle_interior_original],
          layout_cave_pods

Skill      XL: |  1  2  3  4  5  6 |
---------------+-------------------+-----
Fighting       | 3 |  3.7
Axes           | 3 4 5 |  5.0
Armour         | 4 |  4.6
Shields        | 4 |  4.6

Action                   |  1- 3 |  4- 6 || total
-------------------------+-------+-------++-------
Melee: War axe           |    67 |   107 ||   174
 Abil: Heal Wounds       |     1 |     7 ||     8
Armor: Scale mail        |    37 |    73 ||   110
Dodge: Dodged            |    31 |    68 ||    99
Block: Kite shield       |    52 |   112 ||   164

Table legend: (Time is in decaauts)
 A = Elapsed time spent in this place.
 B = Non-inter-level travel time spent in this place.
 C = Inter-level travel time spent in this place.
 D = Time resting spent in this place.
 E = Time spent auto-exploring this place.
 F = Levels seen in this place.
 G = Mean time per level.
                   A        B        C        D        E       F      G
               +--------+--------+--------+--------+--------+-----+--------+
         Total |   1150 |   1116 |     34 |      0 |    701 |   4 |  287.5 |
       Dungeon |   1150 |   1116 |     34 |      0 |    701 |   4 |  287.5 |
               +--------+--------+--------+--------+--------+-----+--------+

Top non-repeatable levels by time:
     D:4: 797 daAuts
     D:1: 170 daAuts
     D:3: 122 daAuts
     D:2: 60 daAuts
